Map: Pillars of Gold LE

Players

Cheater 1 (Insane) - Winner!

  • Race: Zerg Zerg
  • Spawn Location: 1:00

III

  • Race: Zerg Zerg
  • League: Master
  • Spawn Location: 7:00

VOD

Have the link to the VOD?

Description

Time

  • Played on: Dec. 10, 2020, 5:42 a.m.
  • Length: 6:06
Show
View Real Time Build Order
Export as new Build Order

Cheater 1 (Insane) Zerg - Winner!

Build Orders: Pool First 

Get SALT Encoding   

  12  0:00  Drone  
  13  0:12  Overlord  
  13  0:15  Drone  
  14  0:30  Drone x2  
  14  0:33  Drone  
  17  0:42  Spawning Pool  
  17  0:44  Drone  
  17  1:01  Hatchery  
  16  1:04  Drone  
  16  1:07  Extractor  
  16  1:09  Drone  
  16  1:11  Extractor  
  16  1:16  Drone  
  17  1:27  Drone  
  18  1:35  Queen  
  18  1:38  Drone  
  21  1:48  Overlord  
  21  1:59  Zergling x2  
  22  2:10  Drone  
  22  2:11  Queen  
  22  2:13  Drone  
  26  2:16  Roach Warren  
  26  2:21  Drone  
  26  2:24  Drone  
  27  2:31  Drone  
  27  2:34  Drone  
  29  2:42  Drone, Zergling x4  
  29  2:43  Overlord  
  32  2:45  Drone  
  33  2:54  Drone  
  33  2:56  Roach  
  36  3:01  Lair  
  36  3:05  Roach  
  38  3:07  Roach  
  40  3:14  Overlord x2, Roach  
  40  3:16  Zergling x2  
  40  3:17  Zergling x2  
  44  3:28  Overlord  
  44  3:32  Zergling x2  
  45  3:38  Drone  
  45  3:39  Drone  
  47  3:43  Roach, Drone x2  
  51  3:49  Overlord, Drone  
  51  3:50  Drone, Roach  
  51  3:51  Roach  
  56  4:00  Zergling x2  
  56  4:01  Roach  
  56  4:02  Hydralisk Den  
  58  4:11  Drone x2  
  58  4:12  Roach x2  
  64  4:20  Overlord  
  64  4:27  Overlord  
  64  4:31  Hydralisk x3  
  64  4:33  Hydralisk  
  72  4:42  Hydralisk  
  72  4:43  Hydralisk  
  76  4:48  Hydralisk x3  
  82  4:52  Hydralisk x2  
  82  4:53  Overlord, Hydralisk  
  82  4:54  Overlord  
  88  5:03  Extractor  
  88  5:05  Hydralisk, Drone  
  90  5:09  Extractor  
  89  5:15  Drone, Evolution Chamber  
  89  5:17  Hydralisk, Drone  
  89  5:18  Drone  
  89  5:19  Infestation Pit, Hatchery  
  91  5:25  Drone x2  
  91  5:26  Drone  
  94  5:28  Overlord  
  94  5:31  Drone  
  95  5:38  Drone  
  95  5:39  Drone  
  97  5:44  Ravager  
  97  5:45  Ravager  
  97  5:46  Drone x2, Evolution Chamber  
  97  5:47  Drone  
  101  5:52  Drone  
  105  5:57  Evolution Chamber  
Show
View Real Time Build Order
Export as new Build Order

III Zerg 

Build Orders: Pool First 

Get SALT Encoding   

  12  0:00  Drone  
  13  0:12  Overlord  
  13  0:18  Drone  
  14  0:30  Drone x2  
  14  0:31  Extractor  
  14  0:34  Drone  
  16  0:50  Spawning Pool  
  16  0:53  Drone  
  16  0:56  Drone  
  17  1:07  Drone  
  18  1:17  Drone  
  19  1:27  Overlord  
  19  1:36  Queen  
  19  1:37  Metabolic Boost  
  19  1:39  Zergling x2  
  22  1:50  Drone  
  23  2:03  Zergling x2  
  24  2:11  Zergling x2  
  24  2:15  Lair  
  25  2:21  Hatchery  
  25  2:22  Zergling x2  
  25  2:34  Zergling x2  
  26  2:44  Zergling x6  
  29  2:55  Overlord  
  29  3:12  Overlord  
  29  3:15  Queen  
  29  3:17  Overlord  
  31  3:33  Queen  
  33  3:34  Drone x2  
  33  3:35  Drone x2  
  37  3:45  Drone  
  37  3:46  Drone  
  37  3:48  Drone x3  
  38  3:56  Drone  
  38  3:58  Drone  
  36  4:06  Drone  
  37  4:10  Drone  
  39  4:17  Drone  
  39  4:20  Drone  
  40  4:25  Drone x5  
  40  4:26  Drone  
  46  4:34  Drone  
  46  4:35  Drone  
  48  4:41  Drone, Extractor  
  48  4:45  Extractor x2  
  46  4:49  Drone  
  46  4:51  Drone  
  48  4:53  Drone  
  48  4:54  Drone x3  
  48  4:57  Drone x3  
  55  5:01  Spire  
  54  5:10  Evolution Chamber  
  54  5:11  Evolution Chamber, Roach Warren  
  54  5:12  Drone  
  52  5:26  Hatchery  
  51  5:55  Spore Crawler x2  
Tags
 
Add a new tag
Caveats
  • Supply blocks, unpowered buildings, or Contaminate may cause inaccurate times.
  • Supply counts are checked every 10 seconds.